 Dungeon Crawl Stone Soup version 0.30-a0-722-g3e6e8c874d (webtiles) character file.

Game seed: 10053844287420556749

195 Bnni the Vexing (level 6, 0/44 HPs)
             Began as a Formicid Hexslinger on Jan 27, 2023.
             Killed by divine providence
             ... invoked by an orc priest
              (12 damage)
             ... on level 4 of the Dungeon.
             The game lasted 00:02:04 (2530 turns).

Bnni the Vexing (Formicid Hexslinger)               Turns: 2530, Time: 00:02:04

Health: 0/44       AC:  2    Str: 14    XL:     6   Next: 4%
Magic:  6/8        EV: 12    Int: 13    God:
Gold:   243        SH:  0    Dex: 16    Spells: 4/8 levels left

rFire   . . .      SeeInvis +    a - +1 sling
rCold   . . .      Faith    .    (no shield)
rNeg    . . .      Spirit   .    c - +0 robe
rPois   .          Reflect  .    (helmet unavailable)
rElec   .          Harm     .    (no cloak)
rCorr   .          Rampage  .    (no gloves)
Will    .....                    (no boots)
Stlth   +                        (no amulet)
HPRegen 0.27/turn                (no ring)
MPRegen 0.11/turn                (no ring)

@: no status effects
A: permanent stasis, dig shafts and tunnels, antennae 3, four strong arms
a: Dig, Shaft Self


You were on level 4 of the Dungeon.
You visited 1 branch of the dungeon, and saw 4 of its levels.

You collected 243 gold pieces.

Inventory:

Hand Weapons
 a - a +1 sling (weapon)
Armour
 c - a +0 robe (worn)
Scrolls
 b - 2 scrolls of poison
 d - a scroll of torment {unknown}
 f - a scroll of acquirement {unknown}
 h - 2 scrolls of identify {unknown}
 i - 2 scrolls of teleportation {unknown}
 j - 2 scrolls of amnesia {unknown}
 k - a scroll of fear {unknown}
Potions
 e - a potion of resistance {unknown}
 g - a potion of might {unknown}
 l - a potion of curing {unknown}
 m - a potion of flight {unknown}


   Skills:
 + Level 2.2 Fighting
 * Level 3.4 Ranged Weapons
 - Level 1.7 Dodging
 + Level 1.9 Spellcasting
 * Level 4.9 Hexes
 * Level 2.3 Fire Magic


You had 4 spell levels left.
You knew the following spells:

 Your Spells              Type           Power      Damage    Failure   Level
a - Slow                  Hex            56%        N/A       3%          1
b - Inner Flame           Hex/Fire       10%        N/A       17%         3

Your spell library contained the following spells:

 Spells                   Type           Power      Damage    Failure   Level
 Shock                    Conj/Air       4%         1d3       26%         1
 Portal Projectile        Hex/Tloc       14%        N/A       28%         3
 Cause Fear               Hex            7%         N/A       34%         4
 Airstrike                Air            0%         2d(1-17)  95%         4
 Swiftness                Air            Unusable   N/A       N/A         3

Dungeon Overview and Level Annotations

Branches:
Dungeon (3/15)

Altars:
Trog


Innate Abilities, Weirdness & Mutations

You cannot be hasted, slowed, berserked, paralysed or teleported.
You can dig through walls and to a lower floor.
You have a pair of large antennae on your head. (SInv)
Your four strong arms can wield two-handed weapons with a shield.


Message History

You shoot a sling bullet. The sling bullet hits the orc wizard.
The orc wizard is moderately wounded.
The orc wizard closely misses you.
You shoot a sling bullet. The sling bullet hits the orc wizard.
The orc wizard is heavily wounded.
The orc wizard closely misses you.
You shoot a sling bullet.
The sling bullet barely misses the orc wizard.
The orc wizard casts a spell at you. The magic dart hits you.
An orc comes into view. It is wielding a +0 hand axe.
The orc wizard misses you.
You shoot a sling bullet. The sling bullet hits the orc wizard.
The orc wizard is almost dead.
The orc wizard casts a spell at you. The puff of flame hits you.
You are too injured to fight recklessly!
You are too injured to fight recklessly!
You shoot a sling bullet. The sling bullet hits the orc wizard.
You kill the orc wizard!
The orc priest looks braver for a moment.
You have reached level 6!
Casting: Slow (safe; 3% risk of failure)
Confirm with . or Enter, or press ? or * to list all spells.
Aiming: Slow (safe; 3% risk of failure)
Press: ? - help, Shift-Dir - straight line, f - orc priest
Aim: an orc priest, wielding a +0 hand axe (chance to affect: 48%)
The orc priest resists with some effort.
The orc priest calls down the wrath of Beogh upon you.
Beogh smites you!
* * * LOW HITPOINT WARNING * * *
Casting: Slow (safe; 3% risk of failure)
Confirm with . or Enter, or press ? or * to list all spells.
Aiming: Slow (safe; 3% risk of failure)
Press: ? - help, Shift-Dir - straight line, f/p - orc priest
Aim: an orc priest, wielding a +0 hand axe (chance to affect: 48%)
The orc priest seems to slow down.
The orc priest mumbles some strange prayers to Beogh against you.
Beogh smites you!
You die...

##............##########
##...........#
###.......# ##.....##
####.## #.## #..# #>.#
##@# #)# #o#


#oo ##. .# .# .. You could see an orc priest (slow) and 2 orcs.

Vanquished Creatures
  An orc priest (D:4)
  An iguana (D:4)
  An orc wizard (D:4)
  4 adders
  A worm (D:2)
  2 dart slugs (D:1)
  4 bats
  6 endoplasms
  4 giant cockroaches
  5 goblins
  11 hobgoblins
  7 kobolds
  4 quokkas
  5 ball pythons
  2 frilled lizards
  14 rats
72 creatures vanquished.

Notes
Turn   | Place    | Note
-------+----------+-------------------------------------------
     0 | D:1      | Bnni the Formicid Hexslinger began the quest for the Orb.
     0 | D:1      | Reached XP level 1. HP: 15/15 MP: 2/2
   147 | D:1      | Reached XP level 2. HP: 21/21 MP: 3/3
   363 | D:1      | Reached skill level 4 in Hexes
   363 | D:1      | Reached skill level 1 in Fire Magic
   479 | D:1      | Reached XP level 3. HP: 13/26 MP: 4/4
  1301 | D:2      | Reached XP level 4. HP: 32/32 MP: 6/6
  2055 | D:3      | Found a bloodstained altar of Trog.
  2097 | D:3      | Reached XP level 5. HP: 15/38 MP: 7/7
  2288 | D:3      | Learned a level 3 spell: Inner Flame
  2353 | D:3      | You fall into a shaft and drop 1 floor!
  2529 | D:4      | Reached XP level 6. HP: 23/44 MP: 8/8
  2530 | D:4      | Killed from afar by an orc priest

Illustrated notes

Levels and vault maps discovered:
D:1:      dpeg_arrival_round_b, layout_basic, dreamdust_wishing_well,
          minmay_box_of_dots
D:2:      layout_basic, kennysheep_generic_room_3
D:3:      layout_loops_ring, old_standard_altar,
          gammafunk_temple_overflow_elements
D:4:      layout_cave_pods, minmay_temple_entry_ruins, gammafunk_ghost_smash,
          dk_noncrumbling_2, uniq_edmund

Skill      XL: |  1  2  3  4  5 |
---------------+----------------+-----
Hexes          | 4 |  4.9
Fire Magic     | 1 2 |  2.3
Ranged Weapons | 3 |  3.4
Fighting       | 2 |  2.2
Dodging        | |  1.7
Spellcasting   | |  1.9

Action                     |  1- 3 |  4- 6 || total
---------------------------+-------+-------++-------
   Fire: Sling             |   128 |   128 ||   256
   Cast: Slow              |       |     4 ||     4
         Inner Flame       |       |     1 ||     1
 Armour: Robe              |     9 |     5 ||    14
  Dodge: Dodged            |    44 |    51 ||    95

Table legend: (Time is in decaauts)
 A = Elapsed time spent in this place.
 B = Non-inter-level travel time spent in this place.
 C = Inter-level travel time spent in this place.
 D = Time resting spent in this place.
 E = Time spent auto-exploring this place.
 F = Levels seen in this place.
 G = Mean time per level.
                   A        B        C        D        E       F      G
               +--------+--------+--------+--------+--------+-----+--------+
         Total |   2602 |   2510 |     92 |    265 |   1764 |   4 |  650.5 |
       Dungeon |   2602 |   2510 |     92 |    265 |   1764 |   4 |  650.5 |
               +--------+--------+--------+--------+--------+-----+--------+

Top non-repeatable levels by time:
     D:1: 1089 daAuts
     D:2: 973 daAuts
     D:3: 357 daAuts
     D:4: 182 daAuts
